 Dungeon Crawl Stone Soup version 0.31-a0-151-ge443d1f16c (webtiles) character file.

Game seed: 11296569082493856776

5675 qw the Skirmisher (level 10, -7/91 HPs)
             Began as a Minotaur Hunter on June 8, 2023.
             Was an Elder of Okawaru.
             Mangled by a yak (9 damage)
             ... on level 1 of the Lair of Beasts.
             The game lasted 00:02:23 (6342 turns).

qw the Skirmisher (Minotaur Hunter)                 Turns: 6342, Time: 00:02:24

Health: -7/91      AC: 16    Str: 16    XL:     10   Next: 47%
Magic:  12/12      EV: 19    Int:  6    God:    Okawaru [****..]
Gold:   288        SH:  0    Dex: 18    Spells: 9/9 levels left

rFire   . . .        i - +10 sling of the Swamp {freeze, Fly}
rCold   . . .        (no shield)
rNeg    . . .        m - +1 steam dragon scales
rPois   .            (helmet restricted)
rElec   .            (no cloak)
rCorr   .            n - +0 pair of gloves
SInv    .            g - +2 pair of boots
Will    .....        (no amulet)
Stlth   +++          k - +4 ring of protection
HPRegen 0.35/turn    (no ring)
MPRegen 0.13/turn

%: no passive effects
@: heroic, marked, flying
A: horns 2, retaliatory headbutt
a: Renounce Religion, Heroism, Finesse


You were on level 1 of the Lair of Beasts.
You worshipped Okawaru.
Okawaru was greatly pleased with you.
You visited 3 branches of the dungeon, and saw 10 of its levels.
You also visited: Sewer.

You collected 366 gold pieces.
You spent 78 gold pieces at shops.


Innate Abilities, Weirdness & Mutations

You have a pair of horns on your head.
You reflexively headbutt those who attack you in melee.


   Skills:
 - Level 9.1(14.1) Fighting
 + Level 13.2(18.2) Ranged Weapons
 - Level 4.0(9.0) Armour
 - Level 6.0(11.0) Dodging
 - Level 0.7(5.7) Stealth
 + Level 4.7 Invocations


You had 9 spell levels left.
You didn't know any spells.
Your spell library was empty.

Inventory:

Hand Weapons
 i - the +10 sling of the Swamp (weapon) {freeze, Fly}
   (You found it on level 2 of the Dungeon)

   Fly:       It grants you flight.
Armour
 g - a +2 pair of boots (worn)
 m - +1 steam dragon scales (worn)
 n - a +0 pair of gloves (worn)
Jewellery
 k - a +4 ring of protection (left hand)
Wands
 h - a wand of digging (4)
Scrolls
 b - 2 scrolls of brand weapon
 d - 11 scrolls of identify
Potions
 c - 2 potions of might
 f - 5 potions of mutation
 q - a potion of curing

Dungeon Overview and Level Annotations

Branches:
Dungeon (8/15)             Temple (1/1) D:4            Lair (1/5) D:8
  Sewer (visited)

Altars:
Ashenzari
Cheibriados
Elyvilon
Fedhas
Gozag
Hepliaklqana
Kikubaaqudgha
Makhleb
Nemelex Xobeh
Okawaru
Qazlal
Ru
Sif Muna
Trog
Vehumet
Wu Jian
Xom
Zin
The Shining One

Shops:
D:3 ?   D:8 [

Annotations:
D:7 1 runed translucent door, Crazy Yiuf


Message History

You hear an angry hiss. x4
You shoot a sling bullet. The sling bullet hits the yak.
The sling bullet freezes the yak.
The yak is severely wounded.
You shoot a sling bullet. The sling bullet hits the yak!
The sling bullet freezes the yak.
You kill the yak!
Okawaru accepts your kill.
You can now speed up your combat.
Your base Armour skill increases to level 4!
You shoot a sling bullet. The sling bullet hits the yak.
The sling bullet freezes the yak.
The yak is lightly wounded.
A water moccasin comes into view.
You shoot a sling bullet. The sling bullet hits the yak!
The sling bullet freezes the yak!
The yak is severely wounded.
The yak gores you but does no damage.
You shoot a sling bullet.
The sling bullet closely misses the yak.
The water moccasin closely misses you.
You shoot a sling bullet. The sling bullet hits the yak!
The sling bullet freezes the yak.
You kill the yak!
Okawaru accepts your kill. The water moccasin closely misses you.
You furiously retaliate!
You headbutt the water moccasin! You shoot a sling bullet.
The sling bullet hits the water moccasin!
The water moccasin seems to slow down.
The sling bullet freezes the water moccasin.
You kill the water moccasin!
Okawaru accepts your kill.
The bullfrog hits you but does no damage.
The komodo dragon bites you but does no damage.
A death yak comes into view.
You shoot a sling bullet. The sling bullet hits the bullfrog!
The bullfrog seems to slow down.
The sling bullet freezes the bullfrog.
The bullfrog is severely wounded.
The komodo dragon bites you!! The bullfrog hits you. The yak gores you!
You die...

..............
............. .
............#..
.............Y.
.............#
.......S....#
............##.
......Y@.......
......l.F......
......Y........
..............P
.............#.
>..............
7....77........
7.... 77P......


You could see a death yak, a komodo dragon, 2 yaks, a water moccasin and a
bullfrog (slow).

Vanquished Creatures
  A two-headed ogre (D:8)
  A torpor snail (Lair:1)
  Maggie (D:6)
  2 wyverns (D:8)
  6 yaks (Lair:1)
  3 basilisks (D:8)
  Eustachio (D:5)
  A steam dragon (D:8)
  3 water moccasins
  2 orc warriors (D:8)
  2 sky beasts (D:7)
  3 black bears
  3 ice beasts
  An ogre (D:5)
  Blork the orc (D:4)
  4 bullfrogs
  5 scorpions
  2 electric eels (D:8)
  3 orc priests (D:8)
  4 hounds
  A jelly (D:4)
  7 iguanas
  A hell rat (Sewer)
  An orc wizard (D:8)
  Natasha (thrice) (D:4)
  Ijyb (D:4)
  A mummy (D:7)
  6 adders
  2 river rats
  An ufetubus (D:6)
  4 worms
  3 dart slugs
  8 orcs
  4 ball pythons (D:2)
  6 endoplasms
  2 giant cockroaches (D:3)
  9 goblins
  4 hobgoblins
  9 jackals
  8 kobolds
  3 quokkas
  2 frilled lizards
  15 rats
150 creatures vanquished.

Notes
Turn   | Place    | Note
-------+----------+-------------------------------------------
     0 | D:1      | qw the Minotaur Hunter began the quest for the Orb.
     0 | D:1      | Reached XP level 1. HP: 18/18 MP: 0/0
     0 | D:1      | 0 ||| qw: Version: 0.2-a-120-gdf1a93b
     0 | D:1      | 0 ||| qw: Game counter: 3031
     0 | D:1      | 0 ||| qw: Always use a shield: true
     0 | D:1      | 0 ||| qw: God list: Okawaru
     0 | D:1      | 0 ||| qw: Allow faded altars: false
     0 | D:1      | 0 ||| qw: Do Orc after D:15 true
     0 | D:1      | 0 ||| qw: Do second Lair branch before Depths: true
     0 | D:1      | 0 ||| qw: Lair rune preference: random
     0 | D:1      | 0 ||| qw: Plans: Normal
     0 | D:1      | 0 ||| PLANNING D:1-11
    89 | D:1      | Reached XP level 2. HP: 19/25 MP: 1/1
   123 | D:1      | Reached skill level 5 in Ranged Weapons
   409 | D:1      | Reached skill level 3 in Fighting
   597 | D:1      | 597 ||| READING 2 scrolls labelled QOUMEO SIKAPH.
   601 | D:1      | 601 ||| DROPPING scroll of butterflies.
   658 | D:2      | Reached XP level 3. HP: 31/31 MP: 2/2
  1054 | D:2      | Identified the +10 sling of the Swamp {freeze, Fly}
  1056 | D:2      | 1056 ||| SWAPPING to +10 sling of the Swamp {freeze, Fly}.
  1057 | D:2      | 1057 ||| DROPPING +0 shortbow.
  1315 | D:2      | 1315 ||| UPGRADING to +0 ring mail.
  1325 | D:2      | 1325 ||| DROPPING +0 leather armour.
  1326 | D:2      | 1326 ||| READING scroll labelled HANKUU IJENI.
  1327 | D:2      | 1327 ||| READING scroll labelled SANECI POROW.
  1380 | D:2      | 1380 ||| READING scroll labelled JINA EWUDYD.
  1381 | D:2      | 1381 ||| READING scroll labelled FETRO GUCEKHAK.
  1382 | D:2      | 1382 ||| DRINKING 2 fuming amethyst potions.
  1427 | D:2      | 1427 ||| DRINKING 2 fizzy pink potions.
  1428 | D:2      | 1428 ||| DROPPING potion of lignification.
  1459 | D:3      | Found Diukkieliu's Magic Scroll Boutique.
  1465 | D:3      | 1465 ||| BUYING scroll of identify (26 gold).
  1465 | D:3      | Bought a scroll of identify for 26 gold pieces
  1465 | D:3      | 1465 ||| BUYING scroll of identify (26 gold).
  1465 | D:3      | Bought a scroll of identify for 26 gold pieces
  1465 | D:3      | 1465 ||| BUYING scroll of identify (26 gold).
  1465 | D:3      | Bought a scroll of identify for 26 gold pieces
  1588 | D:3      | Reached XP level 4. HP: 38/38 MP: 3/3
  1803 | D:3      | Reached skill level 1 in Armour
  1895 | D:3      | 1895 ||| UPGRADING to +2 robe of positive energy.
  1905 | D:3      | 1905 ||| DROPPING +0 ring mail.
  1906 | D:3      | 1906 ||| UPGRADING to +4 ring of protection.
  1907 | D:3      | 1907 ||| READING scroll labelled TOIWIB UKHLOMN.
  1908 | D:3      | 1908 ||| READING scroll labelled GOEJIO TU MEI.
  1909 | D:3      | 1909 ||| READING scroll labelled AHIABR VAMMI.
  1910 | D:3      | 1910 ||| READING 3 scrolls of identify.
  1910 | D:3      | 1910 ||| IDENTIFYING viscous amethyst potion
  1911 | D:3      | 1911 ||| READING 2 scrolls of identify.
  1911 | D:3      | 1911 ||| IDENTIFYING fuming cyan potion
  1912 | D:3      | 1912 ||| DROPPING potion of degeneration.
  1955 | D:4      | Found a staircase to the Ecumenical Temple.
  1956 | D:4      | 1956 ||| PLANNING TEMPLE
  1956 | D:4      | Noticed Natasha
  1957 | D:4      | Killed Natasha
  1958 | D:4      | Reached skill level 6 in Ranged Weapons
  1965 | Temple   | Entered the Ecumenical Temple
  1971 | Temple   | 1971 ||| PLANNING OKAWARU WORSHIP
  2070 | Temple   | Became a worshipper of Warmaster Okawaru
  2070 | Temple   | 2070 ||| PLANNING D:1-11
  2106 | D:4      | Noticed Natasha
  2107 | D:4      | Killed Natasha
  2108 | D:4      | Reached XP level 5. HP: 46/46 MP: 4/4
  2188 | D:4      | Noticed Natasha
  2189 | D:4      | 2189 ||| Stepping ~*~*~tactically~*~*~ (outnumbered).
  2190 | D:4      | Noticed Ijyb
  2191 | D:4      | 2191 ||| Stepping ~*~*~tactically~*~*~ (outnumbered).
  2194 | D:4      | 2194 ||| Stepping ~*~*~tactically~*~*~ (outnumbered).
  2196 | D:4      | 2196 ||| Stepping ~*~*~tactically~*~*~ (outnumbered).
  2197 | D:4      | Killed Natasha
  2201 | D:4      | 2201 ||| DRINKING potion of curing.
  2201 | D:4      | 2201 ||| (to cure confusion)
  2204 | D:4      | Killed Ijyb
  2269 | D:4      | 2269 ||| FLEEEEING.
  2270 | D:4      | 2270 ||| FLEEEEING.
  2271 | D:4      | 2271 ||| FLEEEEING.
  2272 | D:4      | 2272 ||| FLEEEEING.
  2273 | D:4      | 2273 ||| FLEEEEING.
  2274 | D:4      | 2274 ||| FLEEEEING.
  2275 | D:4      | 2275 ||| FLEEEEING.
  2276 | D:4      | 2276 ||| FLEEEEING.
  2277 | D:4      | 2277 ||| FLEEEEING.
  2278 | D:4      | 2278 ||| FLEEEEING.
  2280 | D:4      | 2280 ||| FLEEEEING.
  2281 | D:4      | 2281 ||| FLEEEEING.
  2282 | D:4      | 2282 ||| FLEEEEING.
  2283 | D:4      | 2283 ||| FLEEEEING.
  2284 | D:4      | 2284 ||| FLEEEEING.
  2341 | D:4      | Reached skill level 7 in Ranged Weapons
  2341 | D:4      | Reached XP level 6. HP: 52/52 MP: 5/5
  2589 | D:4      | Noticed Blork the orc
  2595 | D:4      | Killed Blork the orc
  2596 | D:4      | Reached skill level 3 in Dodging
  2596 | D:4      | 2596 ||| FLEEEEING.
  2597 | D:4      | 2597 ||| FLEEEEING.
  2598 | D:4      | 2598 ||| FLEEEEING.
  2599 | D:4      | 2599 ||| FLEEEEING.
  2604 | D:4      | 2604 ||| FLEEEEING.
  2605 | D:4      | 2605 ||| FLEEEEING.
  2606 | D:4      | 2606 ||| FLEEEEING.
  2607 | D:4      | 2607 ||| FLEEEEING.
  2608 | D:4      | 2608 ||| FLEEEEING.
  2609 | D:4      | 2609 ||| FLEEEEING.
  2610 | D:4      | 2610 ||| FLEEEEING.
  2611 | D:4      | 2611 ||| FLEEEEING.
  2613 | D:4      | 2613 ||| FLEEEEING.
  2614 | D:4      | 2614 ||| FLEEEEING.
  2929 | D:4      | Reached * piety under Okawaru
  3017 | D:4      | 3017 ||| READING 2 scrolls labelled QUIHUN AMOM.
  3018 | D:4      | 3018 ||| READING scroll labelled DUCUTO XIREM.
  3019 | D:4      | 3019 ||| READING 3 scrolls of identify.
  3019 | D:4      | 3019 ||| IDENTIFYING white potion
  3020 | D:4      | 3020 ||| READING 2 scrolls of identify.
  3020 | D:4      | 3020 ||| IDENTIFYING smoky sapphire potion
  3021 | D:4      | 3021 ||| DROPPING potion of brilliance.
  3022 | D:4      | 3022 ||| DROPPING potion of attraction.
  3052 | D:5      | Entered Level 5 of the Dungeon
  3053 | D:5      | 3053 ||| PLANNING SEWER
  3057 | D:5      | 3057 ||| INVOKING Heroism.
  3063 | D:5      | Reached skill level 8 in Ranged Weapons
  3063 | D:5      | Reached XP level 7. HP: 59/59 MP: 3/6
  3333 | D:5      | 3333 ||| INVOKING Heroism.
  3338 | D:5      | Reached skill level 1 in Invocations
  3602 | D:5      | Found a glowing drain.
  3610 | Sewer    | Entered a sewer
  3667 | Sewer    | 3667 ||| READING scroll labelled DUUNIUHOHU.
  3668 | Sewer    | 3668 ||| READING 4 scrolls of identify.
  3668 | Sewer    | 3668 ||| IDENTIFYING purple potion
  3680 | D:5      | 3680 ||| PLANNING D:1-11
  3818 | D:5      | Noticed Eustachio
  3819 | D:5      | 3819 ||| INVOKING Heroism.
  3822 | D:5      | Killed Eustachio
  3823 | D:5      | Reached skill level 9 in Ranged Weapons
  3823 | D:5      | Reached skill level 3 in Invocations
  3823 | D:5      | Reached XP level 8. HP: 68/68 MP: 5/9
  4030 | D:6      | Reached skill level 6 in Fighting
  4042 | D:6      | Noticed Maggie
  4051 | D:6      | Killed Maggie
  4051 | D:6      | Reached ** piety under Okawaru
  4052 | D:6      | Reached skill level 10 in Ranged Weapons
  4296 | D:6      | 4296 ||| INVOKING Heroism.
  4455 | D:6      | 4455 ||| UPGRADING to +0 steam dragon scales.
  4465 | D:6      | 4465 ||| DROPPING +2 robe of positive energy.
  4466 | D:6      | 4466 ||| UPGRADING to +0 pair of gloves.
  4471 | D:6      | 4471 ||| READING scroll of enchant armour.
  4471 | D:6      | 4471 ||| ENCHANTING +0 steam dragon scales.
  4472 | D:6      | 4472 ||| DROPPING ring of flight.
  4473 | D:6      | 4473 ||| READING scroll labelled ANIOJOTRIU.
  4474 | D:6      | 4474 ||| READING scroll labelled QUIPIY HIQIRPHYAB.
  4475 | D:6      | 4475 ||| DRINKING 2 smoky orange potions.
  4580 | D:6      | 4580 ||| READING 3 scrolls of identify.
  4580 | D:6      | 4580 ||| IDENTIFYING black potion
  4581 | D:6      | 4581 ||| DROPPING potion of berserk rage.
  4582 | D:6      | 4582 ||| DROPPING potion of enlightenment.
  4642 | D:7      | Found a hazy altar of Hepliaklqana.
  4671 | D:7      | Reached XP level 9. HP: 79/79 MP: 11/11
  4823 | D:7      | Found a snail-covered altar of Cheibriados.
  4869 | D:7      | Found an ancient bone altar of Kikubaaqudgha.
  4877 | D:7      | Reached *** piety under Okawaru
  4878 | D:7      | Found an ornate altar of the Wu Jian Council.
  4880 | D:7      | Found a shimmering altar of Xom.
  5279 | D:7      | Reached skill level 11 in Ranged Weapons
  5291 | D:7      | Found a runed translucent door.
  5292 | D:7      | Noticed Crazy Yiuf
  5295 | D:7      | 5295 ||| DROPPING amulet of magic regeneration.
  5357 | D:8      | 5357 ||| INVOKING Heroism.
  5377 | D:8      | 5377 ||| INVOKING Heroism.
  5422 | D:8      | Found a flagged portal.
  5466 | D:8      | Found Qihy's Armour Shoppe.
  5467 | D:8      | 5467 ||| INVOKING Heroism.
  5504 | D:8      | Noticed a two-headed ogre
  5505 | D:8      | 5505 ||| INVOKING Heroism.
  5508 | D:8      | Killed a two-headed ogre
  5509 | D:8      | Reached skill level 12 in Ranged Weapons
  5615 | D:8      | 5615 ||| INVOKING Heroism.
  5618 | D:8      | Reached skill level 3 in Armour
  5627 | D:8      | Reached XP level 10. HP: 83/88 MP: 10/12
  5633 | D:8      | Reached **** piety under Okawaru
  5634 | D:8      | Reached skill level 6 in Dodging
  5746 | D:8      | Found a staircase to the Lair.
  5896 | D:8      | 5896 ||| INVOKING Heroism.
  5929 | D:8      | 5929 ||| INVOKING Heroism.
  6219 | D:8      | 6219 ||| PLANNING LAIR
  6219 | D:8      | 6219 ||| UPGRADING to +2 pair of boots.
  6275 | Lair:1   | Entered Level 1 of the Lair of Beasts
  6280 | Lair:1   | Noticed a boulder beetle
  6281 | Lair:1   | 6281 ||| INVOKING Heroism.
  6291 | Lair:1   | Noticed a torpor snail
  6295 | Lair:1   | Noticed a boulder beetle
  6299 | Lair:1   | Reached skill level 13 in Ranged Weapons
  6302 | Lair:1   | Killed a torpor snail
  6318 | Lair:1   | HP: 13/90 [boulder beetle (42)]
  6319 | Lair:1   | 6319 ||| READING 2 scrolls of teleportation.
  6320 | Lair:1   | 6320 ||| DRINKING potion of heal wounds.
  6321 | Lair:1   | 6321 ||| INVOKING Heroism.
  6323 | Lair:1   | HP: 9/90 [boulder beetle (14)]
  6325 | Lair:1   | 6325 ||| READING scroll of teleportation.
  6328 | Lair:1   | Reached skill level 9 in Fighting
  6331 | Lair:1   | 6331 ||| DRINKING 2 potions of curing.
  6331 | Lair:1   | 6331 ||| (to cure confusion)
  6341 | Lair:1   | Noticed a death yak
  6342 | Lair:1   | HP: 3/91 [komodo dragon (20)]
  6342 | Lair:1   | Mangled by a yak

Levels and vault maps discovered:
D:1:      wheals_arrival_shading, layout_basic
D:2:      layout_rooms, minmay_misc_feat_four_crosses, corexii_shack,
          minmay_misc_feat_x, kennysheep_decorative_pillar, minivault_23,
          chequers_serial_rivers_large_a, hangedman_decor_push
D:3:      layout_basic, serial_shops, shop
D:4:      layout_basic, minmay_temple_entry_gardened_gates, uniq_blork_the_orc,
          uniq_natasha, uniq_ijyb
D:5:      layout_basic, lightli_sewer_entry_pipes, uniq_eustachio
D:6:      layout_cave_pools, uniq_maggie
D:7:      layout_basic, grunt_temple_overflow_open, slow_altar_1,
          worldfamousw_hep_ancestral_shrine, uniq_crazy_yiuf_cottage
D:8:      layout_cave_pools, erik_lair_dragon, enter_bailey_2,
          nicolae_inconvenience_store, minmay_misc_feat_five,
          palyth_stone_intersect, hangedman_decor_lopped
Temple:   nicolae_temple_superstar
Lair:1:   lemuel_reptile_caves, layout_cave_shapes, wad_woods_road_03

Skill      XL: |  1  2  3  4  5  6  7  8  9 10 |
---------------+-------------------------------+-----
Ranged Weapons | 5 6 7 8 9 10 12 13 | 13.2
Fighting       | 3 4 5 7 8 9 |  9.1
Armour         | 1 2 3 4 |  4.0
Dodging        | 3 4 5 6 |  6.0
Invocations    | 3 4 |  4.7
Stealth        | |  0.7

Action                     |  1- 3 |  4- 6 |  7- 9 | 10-12 || total
---------------------------+-------+-------+-------+-------++-------
   Fire: Shortbow          |    95 |       |       |       ||    95
         Sling             |    12 |    63 |   178 |    81 ||   334
 Invoke: Heroism           |       |     1 |     8 |     4 ||    13
    Use: Scroll            |     5 |     9 |     6 |     2 ||    22
         Potion            |     2 |     1 |     1 |     2 ||     6
 Armour: Leather armour    |     8 |       |       |       ||     8
         Ring mail         |       |     1 |       |       ||     1
         Robe              |       |     1 |     3 |       ||     4
         Steam dragon scal |       |       |     8 |     9 ||    17
  Dodge: Dodged            |    20 |     8 |    13 |    29 ||    70

Table legend:
 A = Non-vault XP
 B = Vault XP
 C = Vault XP percentage of total XP
 D = Non-vault monster count
 E = Vault monster count
 F = Vault count percentage of total count
                 A         B        C        D         E       F
            +---------+---------+-------+---------+---------+-------
      Total |    5947 |    2161 |  26.7 |     124 |      26 |  17.3
            +---------+---------+-------+---------+---------+-------
        D:1 |      34 |       0 |   0.0 |      20 |       0 |   0.0
        D:2 |      54 |       3 |   5.3 |      22 |       1 |   4.3
        D:3 |      27 |       0 |   0.0 |       9 |       0 |   0.0
        D:4 |     351 |     167 |  32.2 |      20 |       3 |  13.0
        D:5 |     636 |     222 |  25.9 |       8 |       6 |  42.9
        D:6 |     582 |     404 |  41.0 |      10 |       1 |   9.1
        D:7 |     989 |      18 |   1.8 |      11 |       1 |   8.3
        D:8 |    1504 |    1146 |  43.2 |      16 |       6 |  27.3
     Lair:1 |    1770 |     147 |   7.7 |       8 |       1 |  11.1
      Sewer |       0 |      54 | 100.0 |       0 |       7 | 100.0
            +---------+---------+-------+---------+---------+-------
